 Dungeon Crawl Stone Soup version 0.29-a0-925-g0a7a3d12f8 (webtiles) character file.

Game seed: 7543482923034126991

774 concernfroge the Trooper (level 7, -6/60 HPs)
             Began as a Mummy Monk on July 30, 2022.
             Was a Believer of Cheibriados.
             Mangled by Duvessa
             ... wielding a +0 short sword
              (9 damage)
             ... on level 5 of the Dungeon.
             The game lasted 00:10:59 (4552 turns).

concernfroge the Trooper (Mummy Monk)               Turns: 4552, Time: 00:11:01

Health: -6/60      AC:  8    Str: 26    XL:     7   Next: 53%
Magic:  8/8        EV: 12    Int: 15    God:    Cheibriados [**....]
Gold:   215        SH:  0    Dex: 19    Spells: 6/6 levels left

rFire   . . .      SeeInvis .   b - +0 shortbow
rCold   + + +      Faith    .   (shield currently unavailable)
rNeg    + + +      Spirit   .   r - +3 leather armour of the Furies {rC++ Str+4 Dex-2}
rPois   ∞          Reflect  .   e - +0 helmet
rElec   .          Harm     .   (no cloak)
rCorr   .          Rampage  .   (no gloves)
Will    .....                   i - +0 pair of boots
Stlth   ++........              (no amulet)
HPRegen 0.20/turn               f - ring of protection from fire
MPRegen 0.11/turn               (no ring)

@: very slow
A: cold resistance 1, negative energy resistance 3, torment resistance 2, heat
vulnerability 1, in touch with death 1, no potions
a: Renounce Religion, Bend Time


You were on level 5 of the Dungeon.
You worshipped Cheibriados.
Cheibriados was pleased with you.
You visited 1 branch of the dungeon, and saw 5 of its levels.

You collected 215 gold pieces.

Inventory:

Hand Weapons
 a - a +0 scythe
 b - a +0 shortbow (weapon)
 d - a +1 spear
Missiles
 s - 6 poisoned darts
Armour
 e - a +0 helmet (worn)
 i - a +0 pair of boots (worn)
 r - the +3 leather armour of the Furies (worn) {rC++ Str+4 Dex-2}
   (You found it on level 3 of the Dungeon)

   Str:       It affects your strength (+4).
   Dex:       It affects your dexterity (-2).
   rC:        It greatly protects you from cold.
Jewellery
 f - a ring of protection from fire (left hand)
 k - a ring of fire
 v - a ring of ice
Wands
 c - a wand of polymorph (8)
 o - a wand of paralysis (4)
 u - a wand of roots (7)
Scrolls
 g - 2 scrolls of enchant armour {unknown}
 h - 2 scrolls of identify {unknown}
 j - 2 scrolls of teleportation {unknown}
 l - a scroll of summoning {unknown}
 m - 2 scrolls of fear {unknown}
 p - a scroll of torment {unknown}
 q - a scroll of enchant weapon
 t - 2 scrolls of magic mapping


   Skills:
 + Level 7.3 Fighting
 + Level 4.2 Polearms
 - Level 2.4 Dodging
 - Level 1.5 Stealth
 + Level 2.5 Invocations


You had 6 spell levels left.
You didn't know any spells.
Your spell library contained the following spells:

 Spells                   Type           Power      Damage    Failure   Level
 Slow                     Hex            0%         N/A       30%         1
 Anguish                  Hex/Necr       0%         N/A       97%         4


Dungeon Overview and Level Annotations

Branches:
Dungeon (5/15)
 Temple: D:4-7

Altars:
Cheibriados

Shops:
D:3 *

Annotations:
D:5 Duvessa


Innate Abilities, Weirdness & Mutations

You are immune to poison.
Your flesh is cold resistant. (rC+)
You are immune to negative energy. (rN+++)
You are immune to unholy pain and torment.
You are vulnerable to heat. (rF-)
You are in touch with the powers of death.
You do not drink.


Message History

Aiming: Fastroot
Press: ? - help, Shift-Dir - straight line, f/p - Duvessa
Aim: Duvessa, wielding a +0 short sword and wearing a +1 ring mail of fire resistance (severely wounded, berserk)
The roots erupt in riotous growth!
Roots grab Duvessa.
The grasping roots constrict Duvessa.
Duvessa struggles to escape constriction.
Aiming: Fastroot
Press: ? - help, Shift-Dir - straight line, f/p - Duvessa
Aim: Duvessa, wielding a +0 short sword and wearing a +1 ring mail of fire resistance (severely wounded, berserk, constricted by roots)
The roots erupt in riotous growth!
Duvessa is unaffected.
The grasping roots constrict Duvessa.
Duvessa escapes!
Duvessa closely misses you.
Aiming: Paralyse
Press: ? - help, Shift-Dir - straight line, f/p - Duvessa
Aim: Duvessa, wielding a +0 short sword and wearing a +1 ring mail of fire resistance (severely wounded, berserk, chance to affect: 31%)
Okay, then.
Okay, then.
Aiming: Fastroot
Press: ? - help, Shift-Dir - straight line, p - Duvessa The roots erupt in riotous growth!
Roots grab Duvessa.
The grasping roots constrict Duvessa.
Duvessa barely misses you.
Aiming: Fastroot
Press: ? - help, Shift-Dir - straight line The roots erupt in riotous growth!
Duvessa is unaffected.
The grasping roots constrict Duvessa.
The roots release their grip on Duvessa.
Duvessa hits you with a +0 short sword.
* * * LOW HITPOINT WARNING * * *
Duvessa hits you with a +0 short sword.
* * * LOW HITPOINT WARNING * * *
Aiming: Fastroot
Press: ? - help, Shift-Dir - straight line The roots erupt in riotous growth!
Roots grab Duvessa.
The grasping roots constrict Duvessa!
You hear a bark!
Duvessa hits you with a +0 short sword!
You die...

#...####<).#
##.......####
#.......##
..<........#
...........#
##.........#
###........
##.e........
#.@......####
#........###...
........##
........#
###.....#
#...... #......
#......


You could see Duvessa (berserk, rooted).

Vanquished Creatures
  Sigmund (D:2)
  A black bear (D:4)
  An ogre (D:4)
  A bullfrog (D:3)
  A scorpion (D:4)
  Dowan (D:5)
  A jelly (D:4)
  An iguana (D:4)
  Natasha (thrice) (D:4)
  Robin (D:1)
  6 adders
  2 worms
  2 dart slugs
  An orc (D:4)
  7 ball pythons
  4 endoplasms
  3 giant cockroaches
  15 goblins
  9 hobgoblins
  3 jackals (D:4)
  2 kobolds
  2 quokkas
  6 bats
  2 frilled lizards
  2 rats (D:1)
78 creatures vanquished.

Notes
Turn   | Place    | Note
-------+----------+-------------------------------------------
     0 | D:1      | concernfroge the Mummy Monk began the quest for the Orb.
     0 | D:1      | Reached XP level 1. HP: 18/18 MP: 1/1
   823 | D:1      | Found a faded altar of an unknown god.
   946 | D:1      | Reached XP level 2. HP: 19/24 MP: 2/2
  1245 | D:2      | Noticed Sigmund
  1258 | D:2      | Killed Sigmund
  1259 | D:2      | Reached skill level 6 in Fighting
  1259 | D:2      | Gained mutation: You are in touch with the powers of death.
                  | [Mummy growth]
  1259 | D:2      | Reached XP level 3. HP: 19/34 MP: 3/3
  1259 | D:2      | Reached XP level 4. HP: 23/40 MP: 4/4
  1259 | D:2      | Reached XP level 5. HP: 26/46 MP: 5/5
  1413 | D:2      | Noticed Robin
  1986 | D:1      | Killed Robin
  2511 | D:3      | Found Ixol's Assorted Antiques.
  2560 | D:3      | Identified the +3 leather armour of the Furies {rC++ Str+4
                  | Dex-2}
  2934 | D:3      | Found a snail-covered altar of Cheibriados.
  2962 | D:3      | Became a worshipper of Cheibriados the Contemplative
  2962 | D:3      | Reached * piety under Cheibriados
  2962 | D:3      | Reached ** piety under Cheibriados
  3036 | D:3      | Reached XP level 6. HP: 32/53 MP: 6/6
  3379 | D:4      | Reached skill level 1 in Invocations
  3630 | D:4      | Got the Secrets of Interference
  3711 | D:4      | Noticed Natasha
  3744 | D:4      | Killed Natasha
  3745 | D:4      | Reached XP level 7. HP: 52/59 MP: 8/8
  3821 | D:4      | Identified the +7 dagger of Floods {venom, rPois}
  3923 | D:4      | Noticed Natasha
  3935 | D:4      | Killed Natasha
  3936 | D:4      | Reached skill level 7 in Fighting
  4001 | D:4      | Noticed Natasha
  4011 | D:4      | Killed Natasha
  4513 | D:5      | Entered Level 5 of the Dungeon
  4513 | D:5      | Noticed Dowan
  4519 | D:5      | Killed Dowan
  4537 | D:5      | Noticed Duvessa
  4551 | D:5      | HP: 3/60 [Duvessa/+0 short sword (6)]
  4552 | D:5      | Mangled by Duvessa

Illustrated notes

Levels and vault maps discovered:
D:1:      roderic_chinese_lattice_arrival, layout_loops_corners,
          nicolae_ecumenical_snake_handling
D:2:      layout_loops_ring, uniq_sigmund, uniq_robin
D:3:      layout_rooms, mainiacjoe_overflow_boulevard, serial_shops, shop
D:4:      minmay_chambers_of_twos, layout_basic, uniq_natasha
D:5:      layout_layer_cave, guppyfry_shop_venom, uniq_duvessa

Skill      XL: |  1  2  3  4  5  6  7 |
---------------+----------------------+-----
Fighting       | 6 7 |  7.3
Polearms       | 3 4 |  4.2
Invocations    | 1 2 |  2.5
Dodging        | |  2.4
Stealth        | |  1.5

Action                   |  1- 3 |  4- 6 |  7- 9 || total
-------------------------+-------+-------+-------++-------
Melee: Spear             |    42 |       |       ||    42
       Halberd           |       |   100 |    69 ||   169
 Fire: Shortbow          |       |    49 |     1 ||    50
Invok: Bend Time         |       |       |     1 ||     1
Evoke: Wand              |       |     3 |     5 ||     8
  Use: Scroll            |     4 |     1 |     1 ||     6
 Stab: Sleeping          |     4 |     1 |     5 ||    10
       Distracted        |       |     1 |       ||     1
Armor: Robe              |     6 |    42 |       ||    48
       Leather armour    |       |    24 |    13 ||    37
Dodge: Dodged            |    16 |   149 |    50 ||   215

Table legend: (Time is in decaauts)
 A = Elapsed time spent in this place.
 B = Non-inter-level travel time spent in this place.
 C = Inter-level travel time spent in this place.
 D = Time resting spent in this place.
 E = Time spent auto-exploring this place.
 F = Levels seen in this place.
 G = Mean time per level.
                   A        B        C        D        E       F      G
               +--------+--------+--------+--------+--------+-----+--------+
         Total |   5042 |   4778 |    264 |    674 |   3392 |   5 | 1008.4 |
       Dungeon |   5042 |   4778 |    264 |    674 |   3392 |   5 | 1008.4 |
               +--------+--------+--------+--------+--------+-----+--------+

Top non-repeatable levels by time:
     D:1: 1646 daAuts
     D:4: 1321 daAuts
     D:3: 1140 daAuts
     D:2: 886 daAuts
     D:5: 47 daAuts
